 Dungeon Crawl Stone Soup version 0.27-a0-1512-g99fd57bada (webtiles) character file.

Game seed: 13229715878125490901

23 Froggeryz the Cutter (level 2, 0/31 HPs)
             Began as an Octopode Berserker on July 9, 2021.
             Was a Follower of Trog.
             Slain by Terence (8 damage)
             ... on level 2 of the Dungeon.
             The game lasted 00:00:53 (1140 turns).

Froggeryz the Cutter (Octopode Berserker)           Turns: 1140, Time: 00:00:54

Health: 0/31       AC:  1    Str: 16    XL:     2   Next: 95%
Magic:  2/2        EV: 13    Int:  9    God:    Trog [*.....]
Gold:   10         SH:  0    Dex: 11    Spells: 1/1 levels left

rFire    . . .     SeeInvis .   a - +0 short sword
rCold    . . .     Faith    .   (no shield)
rNeg     . . .     Spirit   .   (helmet restricted)
rPois    .         Reflect  .   (no amulet)
rElec    .         Harm     .   (no ring)
rCorr    .         Rampage  .   (no ring)
Will     .....                  (no ring)
Stlth    ..........             (no ring)
HPRegen  0.10/turn              (no ring)
MPRegen  0.08/turn              (no ring)
                                (no ring)
                                (no ring)

@: berserking, very quick
A: almost no armour, amphibious, 8 rings, camouflage 1, gelatinous body 1,
(nimble swimmer 1), tentacles
a: Renounce Religion, Berserk


You were on level 2 of the Dungeon.
You worshipped Trog.
Trog was aware of your devotion.
You visited 1 branch of the dungeon, and saw 2 of its levels.

You collected 10 gold pieces.

Inventory:

Hand Weapons
 a - a +0 short sword (weapon)
Missiles
 f - 6 javelins (quivered)
Jewellery
 d - an amulet of guardian spirit
Scrolls
 c - a scroll of summoning {unknown}
 h - a scroll of fear {unknown}
Potions
 b - a potion of mutation {unknown}
 e - a potion of curing
 g - a potion of heal wounds {unknown}


   Skills:
 - Level 3.0 Fighting
 * Level 3.7 Short Blades
 - Level 3.0 Dodging
 + Level 1.9 Stealth


You had one spell level left.
You didn't know any spells.
Your spell library was empty.

Dungeon Overview and Level Annotations

Branches:
Dungeon (2/15)

Altars:

Annotations:
D:2 Terence


Innate Abilities, Weirdness & Mutations

You cannot wear most types of armour.
You are amphibious.
You can wear up to eight rings at the same time.
Your skin changes colour to match your surroundings (Stealth+).
Your rubbery body absorbs attacks. (AC +1, EV +1)
((You are camouflaged near water. (Stealth+)))
You have tentacles for arms and can constrict up to eight enemies at once.


Message History

You are too injured to fight recklessly!
You are too injured to fight recklessly!
You are too injured to fight recklessly!
You are too injured to fight recklessly!
You are too injured to fight recklessly!
You are too injured to fight recklessly!
You are too injured to fight recklessly!
You are too injured to fight recklessly!
You are too injured to fight recklessly!
You are too injured to fight recklessly!
You are too injured to fight recklessly!
You are too injured to fight recklessly!
You are too injured to fight recklessly!
You are too injured to fight recklessly!
You are too injured to fight recklessly!
The jackal closely misses you. The jackal closely misses you.
The frilled lizard unfolds its giant frill.
The jackal bites you.
A giant cockroach comes into view.
Terence the Incautious comes into view.
He is wielding a +0 trident.
Terence shouts!
The jackal closely misses you. Terence says, "How do you enjoy it?"
Okay, then.
It was a potion of curing.
You feel better. The jackal closely misses you.
The endoplasm closely misses you.
You closely miss the jackal. You grab the jackal. You constrict the jackal.
The jackal closely misses you. The endoplasm misses you. The jackal bites you.
You release your grip on the jackal.
Terence closely misses you.
A red film seems to cover your vision as you go berserk!
You feel yourself moving faster!
You feel mighty! The jackal barely misses you.
Terence hits you with a +0 trident!
You closely miss Terence. Your grab misses Terence. The jackal bites you.
* * * LOW HITPOINT WARNING * * *
You puncture Terence! You grab Terence.
Terence is heavily wounded.
You constrict Terence, but do no damage.
Terence hits you with a +0 trident!
You die...

#.#.........#?.....>..
.B...# #g..........<.
##.#.# #.#....#######
#....###g.....#
#.....$..###
#lg#...### #Jg$..##
#h##### #@# #@# #.#
#.# #.# #.. ###


You could see Terence, an endoplasm, a jackal, 2 hobgoblins and a frilled
lizard.

Vanquished Creatures
  2 ball pythons (D:1)
  An endoplasm (D:1)
  A giant cockroach (D:1)
  A goblin (D:1)
  6 hobgoblins (D:1)
  A kobold (D:2)
  3 quokkas
  A frilled lizard (D:1)
  3 rats (D:1)
19 creatures vanquished.

Notes
Turn   | Place    | Note
-------+----------+-------------------------------------------
     0 | D:1      | Froggeryz the Octopode Berserker began the quest for the
                  | Orb.
     0 | D:1      | Reached XP level 1. HP: 16/16 MP: 1/1
    84 | D:1      | Reached skill level 1 in Stealth
   245 | D:1      | Reached XP level 2. HP: 21/21 MP: 2/2
   956 | D:1      | Found a faded altar of an unknown god.
  1133 | D:2      | Noticed Terence
  1140 | D:2      | Slain by Terence

Illustrated notes

Levels and vault maps discovered:
D:1:      minmay_arrival_nine_rooms, layout_loops_ring,
          dilly_ecumenical_altar_fadedgnrine
D:2:      layout_loops_ring, minmay_fractal_squares_5, uniq_terence

Skill      XL: |  1 |
---------------+----+-----
Stealth        | 1 |  1.9
Fighting       | |  3.0
Short Blades   | |  3.7
Dodging        | |  3.0

Action                   || total
-------------------------++-------
Melee: Short sword       ||    40
       Constrict         ||    12
       Tentacles         ||     4
Invok: Berserk           ||     1
  Use: Potion            ||     1
 Stab: Sleeping          ||     2
Dodge: Dodged            ||    32

Table legend: (Time is in decaauts)
 A = Elapsed time spent in this place.
 B = Non-inter-level travel time spent in this place.
 C = Inter-level travel time spent in this place.
 D = Time resting spent in this place.
 E = Time spent auto-exploring this place.
 F = Levels seen in this place.
 G = Mean time per level.
                   A        B        C        D        E       F      G
               +--------+--------+--------+--------+--------+-----+--------+
         Total |   1136 |   1105 |     31 |      0 |    995 |   2 |  568.0 |
       Dungeon |   1136 |   1105 |     31 |      0 |    995 |   2 |  568.0 |
               +--------+--------+--------+--------+--------+-----+--------+

Top non-repeatable levels by time:
     D:1: 1108 daAuts
     D:2: 28 daAuts
